 Dungeon Crawl Stone Soup version 0.22.1-5-g62c59d919a (webtiles) character file.

36579 Trihorn the Peltast (level 13, 0/124 HPs)
             Began as a Minotaur Berserker on Jan 8, 2019.
             Was a High Priest of Trog.
             Slain by zuik's ghost (29 damage)
             ... on level 12 of the Dungeon on Jan 11, 2019.
             The game lasted 02:51:45 (17606 turns).

Trihorn the Peltast (Minotaur Berserker)           Turns: 17606, Time: 02:51:46

Health: 0/124      AC: 42    Str: 33      XL:     13   Next: 53%
Magic:  7/12       EV:  9    Int:  3 (4)  God:    Trog [*****.]
Gold:   1142       SH: 15    Dex: 11      Spells: 12/12 levels left

rFire    . . .     SeeInvis .   F - +2 morningstar (protect)
rCold    . . .     Gourm    .   O - +0 shield
rNeg     . . .     Faith    .   k - +7 plate armour of a ziggurat {*Drain +Blink Regen+}
rPois    .         Spirit   .   (helmet unavailable)
rElec    .         Reflect  .   t - +2 cloak {+Inv}
rCorr    .         Harm     .   K - +2 pair of gloves {Str+3}
MR       +....     Clarity  +   Y - +2 pair of boots
Stlth    ..........             (no amulet)
HPRegen  0.70/turn              U - ring of protection from magic
MPRegen  0.13/turn              R - +4 ring of strength

@: protection aura
A: retaliatory headbutt, horns 3, icy blue scales 1, clarity
a: Berserk, Trog's Hand, Brothers in Arms, Renounce Religion, Evoke Blink, Evoke
Invisibility


You were on level 12 of the Dungeon.
You worshipped Trog.
Trog was extremely pleased with you.
You were near starving.

You visited 3 branches of the dungeon, and saw 15 of its levels.
You also visited: Labyrinth.

You collected 1614 gold pieces.
You spent 472 gold pieces at shops.

Inventory:

Hand Weapons
 a - a +9 antimagic great mace
 u - a +2 dire flail of draining
 F - a +2 morningstar of protection (weapon)
 S - a +5 hunting sling of freezing
 V - a +7 mace
Missiles
 p - 43 stones
 E - a throwing net
 N - 3 tomahawks of returning (quivered)
Armour
 k - the +7 plate armour of a ziggurat (worn) {*Drain +Blink Regen+}
   (You took it off a minotaur in a labyrinth)

   It lets you blink.
   It increases your rate of regeneration.
   It causes draining when unequipped.
 o - a +1 plate armour of poison resistance
 r - a +2 hat of see invisible
 t - a +2 cloak of invisibility (worn)
 w - a +2 leather armour of cold resistance
 B - a +1 hat
 K - a +2 pair of gloves of strength (worn)
 O - a +0 shield (worn)
 Y - a +2 pair of boots (worn)
 Z - the +0 pair of gloves "Neqy" {rF+ Regen+ rCorr Stlth+}
   (You found it in a labyrinth)

   It protects you from fire.
   It increases your rate of regeneration.
   It provides partial protection from all sources of acid and corrosion.
   It makes you more stealthy.
Jewellery
 b - an uncursed ring of positive energy
 A - an uncursed ring of protection from fire
 D - an uncursed ring of protection from cold
 R - a +4 ring of strength (right hand)
 U - a ring of protection from magic (left hand)
 W - an uncursed ring of ice
Wands
 s - a wand of random effects (61)
 v - a wand of disintegration (9)
 G - a wand of flame (24)
 H - a wand of polymorph (22)
 L - a wand of scattershot (6)
 Q - a wand of iceblast (8)
Scrolls
 e - a scroll of enchant armour
 f - 3 scrolls of fog {unknown}
 g - 10 scrolls of remove curse
 j - a scroll of fear
 n - 3 scrolls of enchant weapon {unknown}
 q - 6 scrolls of teleportation {unknown}
 y - 4 scrolls of immolation {unknown}
 C - 5 scrolls of amnesia {unknown}
Potions
 d - 4 potions of haste
 h - 2 potions of brilliance
 i - 4 potions of heal wounds
 l - 3 potions of flight
 m - 6 potions of curing
 x - 3 potions of might
 z - 2 potions of resistance
 I - 4 potions of agility
 J - a potion of berserk rage
 M - 2 potions of magic
 P - a potion of ambrosia
 T - a potion of invisibility
Comestibles
 c - 15 rations


   Skills:
 + Level 14.1 Fighting
 + Level 13.1 Maces & Flails
 * Level 13.2 Armour
 - Level 2.1 Dodging
 - Level 15.0 Shields


You had 12 spell levels left.
You didn't know any spells.
Your spell library contained the following spells:

 Spells                   Type           Power        Failure   Level  Hunger
 Confusing Touch          Hex            #.....       97%         1    ##.....
 Magic Dart               Conj           #...         97%         1    ##.....
 Blink                    Tloc           N/A          99%         2    ###....
 Call Imp                 Summ           #.......     99%         2    ###....
 Slow                     Hex            #.......     99%         2    ###....
 Confuse                  Hex            #.......     100%        3    ####...
 Conjure Flame            Conj/Fire      #.......     100%        3    ####...
 Gell's Gravitas          Tloc           #.........   100%        3    ####...
 Mephitic Cloud           Conj/Pois/Air  #.......     100%        3    ####...
 Petrify                  Tmut/Erth      #.......     100%        4    #####..
 Metabolic Englaciation   Hex/Ice        #.........   100%        5    ######.
 Yara's Violent Unravell  Hex/Tmut       #.........   100%        5    ######.


Dungeon Overview and Level Annotations

Branches:
Dungeon (12/15)            Temple (1/1) D:4            Lair (0/6) D:10
    Orc (2/2) D:9             Elf (0/3) Orc:2

Altars:
Ashenzari
Cheibriados
Dithmenos
Elyvilon
Fedhas
Gozag
Hepliaklqana
Kikubaaqudgha
Makhleb
Nemelex Xobeh
Okawaru
Qazlal
Ru
Sif Muna
Trog
Uskayaw
Vehumet
Wu Jian
Xom
Yredelemnul
Zin
The Shining One
Beogh

Shops:
D:4 *   D:5 %[   Orc:2 %(!!

Annotations:
D:11 exclusion: obsidian statue
D:12 zuik's ghost, journeyman TrFi


Innate Abilities, Weirdness & Mutations

You reflexively headbutt those who attack you in melee.
You have a pair of large horns on your head.
You are partially covered in icy blue scales. (AC +2)
You possess an exceptional clarity of mind.


Message History

Your plate armour of a ziggurat prevents you from hitting zuik's ghost.
Zuik's ghost is heavily damaged.
The queen bee changes into a black mamba!
The moth of wrath changes into a shining eye!
Zuik's ghost completely misses you. You furiously retaliate!
You headbutt zuik's ghost.
The ufetubus seems to return to its normal shape.
The black mamba changes into a polar bear!
The ufetubus disappears in a puff of smoke!
Your ogre goes berserk!
You are near starving!
The polar bear changes into a tarantella!
The ufetubus disappears in a puff of smoke!
You block zuik's ghost's attack.
You hit zuik's ghost but do no damage.
Your weapon exudes an aura of protection.
You headbutt zuik's ghost!
Zuik's ghost is severely damaged.
Zuik's ghost hits you!!
You die...

#.......# ##### #.####..# #...#
#.##....####...## ############
#.##.#..##....... .#..#....#.#
#.#.............. 5#G#.#.#)#.#
#.......##....... .'55#....'G##
##.##.##.####...##
.k...h#..'hF####.###.###.# #...#
.'h§#....'5rs.3W@.......#########
.#.#.#.#.#.#####........##.......
.#§.#....#.# #.O.^....##.......
############ #.................
#.........#.......
#.........#.......
#.......#####.....
####.##...#.).<...
####.####.#.......


You could see a hog, a neqoxec, a tarantella shaped shifter, a bullfrog shaped
shifter, a porcupine shaped shifter, zuik's ghost, a white imp and a friendly
ogre (berserk).

Vanquished Creatures
  Gastronok (D:8)
  A very ugly thing (D:12)
  A minotaur (Lab)
  Snorg (D:12)
  A hydra (D:11)
  5 orc high priests (Orc:2)
  An unseen horror (shapeshifter) (D:11)
  An unseen horror (D:11)
  Pikel (D:7)
  A glowing orange brain (D:12)
  A deep elf mage (D:12)
  A wolf spider (D:11)
  10 orc knights
  3 orc sorcerers
  5 ugly things (D:12)
  A manticore (D:12)
  A centaur skeleton (D:10)
  2 gargoyles (D:11)
  7 trolls
  Prince Ribbit (D:8)
  Grinder (D:4)
  5 hippogriffs
  Sigmund (D:2)
  A spriggan (D:10)
  A hungry ghost (D:9)
  A wyvern (D:12)
  14 yaks
  2 neqoxecs (D:12)
  5 wargs
  A water moccasin (D:11)
  42 orc warriors
  3 sky beasts
  6 phantoms
  11 ogres
  2 eyes of draining (D:11)
  4 centaurs
  A crocodile (D:11)
  2 big kobolds
  6 bullfrogs
  A wyvern zombie (D:11)
  2 scorpions
  12 killer bees
  4 howler monkeys
  2 electric eels (D:6)
  4 crimson imps
  A bullfrog zombie (D:9)
  9 hounds
  2 quasits
  34 orc priests
  3 jellies
  22 orc wizards
  4 bullfrog skeletons
  Ijyb (D:3)
  Natasha (thrice) (D:2)
  13 worker ants
  2 killer bee zombies
  A hound zombie (D:6)
  A hound skeleton (D:3)
  Robin (D:3)
  7 adders
  7 gnolls
  A shadow imp (D:5)
  4 adder zombies
  An adder skeleton (D:9)
  4 worms
  A dart slug (D:3)
  4 leopard geckos
  94 orcs
  5 giant cockroaches
  15 goblins
  11 hobgoblins
  16 jackals
  6 quokkas
  2 ball pythons
  5 bats
  4 frilled lizards
  12 kobolds
  A quokka skeleton (D:7)
  9 rats
486 creatures vanquished.

Vanquished Creatures (others)
  A kobold (D:7)
1 creature vanquished.

Grand Total: 487 creatures vanquished

Notes
Turn   | Place    | Note
-------+----------+-------------------------------------------
     0 | D:1      | Trihorn the Minotaur Berserker began the quest for the Orb.
     0 | D:1      | Reached XP level 1. HP: 19/19 MP: 0/0
   669 | D:1      | Reached XP level 2. HP: 27/27 MP: 1/1
   689 | D:2      | Noticed Sigmund
   701 | D:2      | Killed Sigmund
   701 | D:2      | Reached skill level 5 in Fighting
   701 | D:2      | Reached XP level 3. HP: 18/37 MP: 2/2
   701 | D:2      | Reached XP level 4. HP: 22/44 MP: 3/3
   701 | D:2      | Reached XP level 5. HP: 25/50 MP: 4/4
   989 | D:2      | Noticed Natasha
  1005 | D:2      | Killed Natasha
  1214 | D:2      | Noticed Natasha
  1225 | D:2      | Killed Natasha
  1225 | D:2      | Reached ** piety under Trog
  1225 | D:2      | Reached skill level 5 in Maces & Flails
  1231 | D:2      | Noticed Natasha
  1242 | D:2      | Killed Natasha
  1386 | D:2      | Reached XP level 6. HP: 53/57 MP: 5/5
  1810 | D:3      | Noticed Robin
  1822 | D:3      | Killed Robin
  2015 | D:3      | Noticed Ijyb
  2021 | D:3      | Killed Ijyb
  2228 | D:3      | Reached *** piety under Trog
  2399 | D:3      | Reached skill level 5 in Armour
  2399 | D:3      | Reached XP level 7. HP: 66/66 MP: 6/6
  2914 | D:4      | Found a shadowy altar of Dithmenos.
  2938 | D:4      | Noticed Grinder
  2942 | D:4      | Paralysed by Grinder for 5 turns
  2953 | D:4      | Paralysed by Grinder for 5 turns
  2962 | D:4      | Killed Grinder
  3373 | D:4      | Found Wokhluny's Assorted Antiques.
  3668 | D:4      | Found a staircase to the Ecumenical Temple.
  3674 | Temple   | Entered the Ecumenical Temple
  3895 | D:5      | Entered Level 5 of the Dungeon
  4118 | D:5      | Reached XP level 8. HP: 75/75 MP: 7/7
  4405 | D:5      | Found Koobriex's Antique Armour Boutique.
  4413 | D:5      | Bought a pair of embroidered gloves for 180 gold pieces
  4758 | D:5      | Reached **** piety under Trog
  4905 | D:5      | Found Nehiudor's Food Boutique.
  5381 | D:6      | Reached skill level 1 in Shields
  5671 | D:6      | Reached skill level 2 in Shields
  6059 | D:6      | HP: 4/117 [worm (2)]
  6522 | D:6      | Reached skill level 3 in Shields
  6910 | D:7      | Noticed a hippogriff
  6926 | D:7      | Killed a hippogriff
  6926 | D:7      | Reached skill level 4 in Shields
  6926 | D:7      | Reached XP level 9. HP: 58/85 MP: 8/8
  7018 | D:7      | Reached skill level 10 in Fighting
  7144 | D:7      | Reached skill level 5 in Shields
  7634 | D:7      | Noticed Pikel
  7641 | D:7      | Killed Pikel
  7641 | D:7      | Reached skill level 6 in Shields
  8205 | D:7      | Gained mutation: You are clumsy. (Dex -2) [potion of
                  | mutation]
  8205 | D:7      | Gained mutation: You expend magic power (3 MP) to
                  | strengthen your wands. [potion of mutation]
  8205 | D:7      | Gained mutation: You possess an exceptional clarity of
                  | mind. [potion of mutation]
  8205 | D:7      | Gained mutation: You are surrounded by a mild repulsion
                  | field. (EV +2) [potion of mutation]
  8243 | D:8      | Noticed Gastronok
  8260 | D:8      | Killed Gastronok
  8260 | D:8      | Reached skill level 8 in Shields
  8260 | D:8      | Reached XP level 10. HP: 30/94 MP: 9/9
  8442 | D:5      | Bought an embroidered cloak for 180 gold pieces
  8717 | D:8      | Noticed Prince Ribbit
  8740 | D:8      | Killed Prince Ribbit
  9014 | D:8      | Reached skill level 9 in Shields
  9246 | D:8      | Received a gift from Trog
  9896 | D:9      | Reached skill level 10 in Maces & Flails
 10020 | D:9      | Reached skill level 10 in Shields
 10079 | D:9      | Reached XP level 11. HP: 80/103 MP: 10/10
 10093 | D:9      | Reached ***** piety under Trog
 10104 | D:9      | Found a staircase to the Orcish Mines.
 10590 | Orc:1    | Entered Level 1 of the Orcish Mines
 10670 | Orc:1    | Noticed an orc sorcerer
 10683 | Orc:1    | Killed an orc sorcerer
 10683 | Orc:1    | Reached skill level 10 in Armour
 10827 | Orc:1    | Found a burning altar of Makhleb.
 11060 | Orc:1    | Noticed an orc sorcerer
 11068 | Orc:1    | Killed an orc sorcerer
 11068 | Orc:1    | Received a gift from Trog
 11068 | Orc:1    | Reached skill level 11 in Shields
 11187 | Orc:1    | Noticed an orc knight
 11202 | Orc:1    | Killed an orc knight
 11388 | Orc:2    | Entered Level 2 of the Orcish Mines
 11395 | Orc:2    | Found a staircase to the Elven Halls.
 11443 | Orc:2    | Noticed an orc sorcerer
 11448 | Orc:2    | Noticed a sixfirhy
 11507 | Orc:2    | Killed an orc sorcerer
 11629 | Orc:2    | Noticed an orc knight
 11663 | Orc:2    | Killed an orc knight
 11697 | Orc:2    | Reached skill level 12 in Shields
 11842 | Orc:2    | Received a gift from Trog
 11843 | Orc:2    | Found a roughly hewn altar of Beogh.
 12098 | Orc:2    | Noticed an orc knight
 12125 | Orc:2    | Killed an orc knight
 12499 | Orc:2    | Reached XP level 12. HP: 98/113 MP: 11/11
 12499 | Orc:2    | Noticed an orc high priest
 12515 | Orc:2    | Killed an orc high priest
 13431 | Orc:2    | Reached skill level 13 in Shields
 13547 | Orc:2    | Noticed an orc high priest
 13549 | Orc:2    | Noticed an orc high priest
 13586 | Orc:2    | Noticed an orc high priest
 14061 | Orc:2    | Killed an orc high priest
 14074 | Orc:2    | Killed an orc high priest
 14140 | Orc:2    | Killed an orc high priest
 14509 | Orc:2    | Noticed an orc high priest
 14514 | Orc:2    | Killed an orc high priest
 14602 | Orc:2    | Found Pihumypu's Distillery.
 14602 | Orc:2    | Found Mojuda Fedeu's Food Shoppe.
 14603 | Orc:2    | Found Goturel's Distillery.
 14603 | Orc:2    | Found Doheadastra's Antique Weapon Shoppe.
 14627 | Orc:2    | Bought a potion of mutation for 112 gold pieces
 14633 | Orc:2    | Lost mutation: You are surrounded by a mild repulsion
                  | field. (EV +2) [potion of mutation]
 14633 | Orc:2    | Gained mutation: You are partially covered in icy blue
                  | scales. (AC +2) [potion of mutation]
 14633 | Orc:2    | Gained mutation: You can translocate small distances at
                  | will. [potion of mutation]
 14745 | D:10     | Entered Level 10 of the Dungeon
 14798 | D:10     | Found a staircase to the Lair.
 14990 | D:10     | Received a gift from Trog
 14990 | D:10     | Reached skill level 14 in Shields
 15043 | D:10     | Reached ****** piety under Trog
 15176 | D:10     | Found a glowing golden altar of the Shining One.
 15563 | D:11     | Found a labyrinth entrance.
 15594 | Lab      | Entered a labyrinth
 15796 | Lab      | Noticed a minotaur
 15804 | Lab      | Killed a minotaur
 15804 | Lab      | Reached XP level 13. HP: 115/122 MP: 12/12
 15807 | Lab      | Got a scorched plate armour
 15811 | Lab      | Identified the Disquisition on Hexes
 15820 | Lab      | Identified the Tome of Earth
 15844 | Lab      | Got a pair of jewelled gloves
 15855 | Lab      | Identified the +7 plate armour of a ziggurat {*Drain +Blink
                  | Regen+} (You took it off a minotaur in a labyrinth)
 15865 | Lab      | Identified the cursed +0 pair of gloves "Neqy" {rF+ Regen+
                  | rCorr Stlth+} (You found it in a labyrinth)
 16823 | D:12     | Noticed Snorg
 16845 | D:12     | Killed Snorg
 16935 | D:12     | Found a white marble altar of Elyvilon.
 17225 | D:12     | Reached skill level 15 in Shields
 17338 | D:12     | Found a runed gate.
 17338 | D:12     | Found a runed gate.
 17340 | D:12     | Found a runed gate.
 17345 | D:12     | Noticed a cyan very ugly thing
 17497 | D:12     | Killed a purple very ugly thing
 17532 | D:12     | Found a runed gate.
 17532 | D:12     | Found a runed gate.
 17539 | D:12     | Found a runed gate.
 17558 | D:12     | Lost mutation: You are clumsy. (Dex -2) [potion of
                  | mutation]
 17558 | D:12     | Lost mutation: You expend magic power (3 MP) to strengthen
                  | your wands. [potion of mutation]
 17558 | D:12     | Lost mutation: You can translocate small distances at will.
                  | [potion of mutation]
 17558 | D:12     | Gained mutation: You have a pair of large horns on your
                  | head. [potion of mutation]
 17561 | D:12     | Noticed zuik's ghost (journeyman TrFi)
 17586 | D:12     | Noticed an entropy weaver
 17589 | D:12     | an entropy weaver changed into a satyr
 17606 | D:12     | Slain by zuik's ghost

Skill      XL: |  1  2  3  4  5  6  7  8  9 10 11 12 13 |
---------------+----------------------------------------+-----
Fighting       | 4 5 6 7 8 9 10 11 12 13 14 | 14.1
Maces & Flails | 4 5 6 7 9 10 11 12 13 | 13.1
Armour         | 3 4 5 6 7 8 9 11 12 13 | 13.2
Shields        | 4 8 10 12 14 15 | 15.0
Dodging        | |  2.1

Action                   |  1- 3 |  4- 6 |  7- 9 | 10-12 | 13-15 || total
-------------------------+-------+-------+-------+-------+-------++-------
Melee: Mace              |    21 |   156 |   100 |       |       ||   277
       Headbutt          |     2 |    33 |    77 |   197 |    52 ||   361
       Flail             |       |       |   188 |       |       ||   188
       Whip              |       |       |    38 |   129 |       ||   167
       Morningstar       |       |       |       |   732 |   235 ||   967
Throw: Stone             |       |     1 |       |       |       ||     1
       Tomahawk          |       |       |     2 |     5 |       ||     7
Invok: Berserk           |     1 |       |     2 |       |       ||     3
       Brothers in Arms  |       |       |       |       |     1 ||     1
Evoke: Wand              |       |       |       |       |     1 ||     1
  Use: Scroll            |       |       |    12 |     6 |     5 ||    23
       Potion            |       |       |     1 |     1 |     2 ||     4
 Stab: Sleeping          |     1 |       |       |       |       ||     1
  Eat: Chunk             |       |     5 |     9 |    13 |     2 ||    29
       Ration            |       |       |     3 |     5 |     1 ||     9
Armor: Animal skin       |     1 |       |       |       |       ||     1
       Scale mail        |       |    84 |    14 |       |       ||    98
       Chain mail        |       |       |    66 |       |       ||    66
       Plate armour      |       |       |   105 |   381 |   128 ||   614
Dodge: Dodged            |    13 |    89 |    99 |   248 |    65 ||   514
Block: Shield            |       |       |    80 |   492 |   148 ||   720
